 Dungeon Crawl Stone Soup version 0.32-a0-900-g30fb1b0edc (webtiles) character file.

Game seed: 12690047718010343345

177 gohu the Chopper (level 5, 0/45 HPs)
             Began as a Mountain Dwarf Fighter on Apr 5, 2024.
             Slain by Grinder (2 damage)
             ... on level 3 of the Dungeon.
             The game lasted 00:02:53 (1822 turns).

gohu the Chopper (Mountain Dwarf Fighter)           Turns: 1822, Time: 00:02:54

Health: 0/45       AC: 11    Str: 21    XL:     5   Next: 30%
Magic:  5/5        EV:  6    Int:  8    God:
Gold:   166        SH:  4    Dex:  9    Spells: 4/4 levels left

rFire   . . .        a - +0 war axe
rCold   + . .        c - +0 buckler
rNeg    . . .        m - +2 chain mail {rC+}
rPois   .            (no helmet)
rElec   .            (no cloak)
rCorr   .            (no gloves)
SInv    .            (no boots)
Will    .....        (no amulet) Stlth
                     (no ring)
HPRegen 0.27/turn    (no ring)
MPRegen 0.09/turn

%: no passive effects
@: mighty
A: runic magic, artefact enchanting
a: no special abilities


You were on level 3 of the Dungeon.
You visited 1 branch of the dungeon, and saw 3 of its levels.

You collected 166 gold pieces.

Inventory:

Hand Weapons
 a - a +0 war axe (weapon)
Armour
 b - a +0 scale mail
 c - a +0 buckler (worn)
 m - a +2 chain mail of cold resistance (worn)
Jewellery
 n - a ring of wizardry
Wands
 p - a wand of warping (7)
Scrolls
 e - a scroll of enchant armour {unknown}
 f - 5 scrolls of identify {unknown}
 h - 2 scrolls of immolation {unknown}
 i - a scroll of teleportation {unknown}
 k - a scroll of fog {unknown}
 o - a scroll of blinking {unknown}
Potions
 g - a potion of invisibility {unknown}
 j - a potion of curing {unknown}
 l - a potion of lignification {unknown}


   Skills:
 - Level 3.2 Fighting
 * Level 6.8 Axes
 - Level 3.2 Armour
 - Level 3.2 Shields


You had 4 spell levels left.
You didn't know any spells.
Your spell library was empty.

Dungeon Overview and Level Annotations

Branches:
Dungeon (3/15)

Altars:

Annotations:
D:3 Grinder


Innate Abilities, Weirdness & Mutations

Your spellcasting is much less encumbered by armour.
You can use scrolls of enchantment on lesser artefacts.


Message History

Grinder gestures at you. You resist with significant effort.
You feel very mighty all of a sudden.
You feel sick. Grinder gestures at you.
You struggle to resist.
You feel sick. Grinder gestures at you. Pain shoots through your body!
You see here a quokka corpse.
You are too injured to fight recklessly!
You are too injured to fight recklessly!
You slash Grinder!
Grinder is moderately wounded.
You feel sick.
You are no longer poisoned.
Grinder gestures at you. You resist with significant effort.
You closely miss Grinder.
Grinder is moderately wounded.
Grinder hits you but does no damage.
You barely miss Grinder.
Grinder is lightly wounded.
Grinder hits you but does no damage.
You slash Grinder!
Grinder is severely wounded.
Grinder hits you.
* * * LOW HITPOINT WARNING * * *
You writhe in agony.
* * * LOW HITPOINT WARNING * * *
You barely miss Grinder.
Grinder is severely wounded.
Grinder hits you but does no damage.
You closely miss Grinder.
Grinder is severely wounded.
Grinder hits you!
* * * LOW HITPOINT WARNING * * *
You writhe in agony.
You die...
Grinder says, "Hey, I wasn't done torturing you yet!"

.# #.# ................
.###.## ........o.......
......# #...............
.###..#######..5...r.......
.# #........##............#
.# ##.#########..........#
.# #.........##........# .#
#########..####''#### .#
##.)@5o..# .# ######### ##


You could see Grinder and an orc.

Vanquished Creatures
  A hound (D:3)
  An orc priest (D:3)
  A gnoll (D:1)
  3 adders
  2 dart slugs
  6 orcs
  8 endoplasms
  6 giant cockroaches
  4 goblins
  10 hobgoblins
  4 jackals (D:1)
  3 quokkas
  A ball python (D:1)
  2 bats
  7 frilled lizards
  5 kobolds
  6 rats
70 creatures vanquished.

Notes
Turn   | Place    | Note
-------+----------+-------------------------------------------
     0 | D:1      | gohu the Mountain Dwarf Fighter began the quest for the
                  | Orb.
     0 | D:1      | Reached XP level 1. HP: 19/19 MP: 1/1
    39 | D:1      | Reached skill level 3 in Axes
    39 | D:1      | Reached XP level 2. HP: 18/26 MP: 2/2
   122 | D:1      | Reached skill level 4 in Axes
   206 | D:1      | Reached XP level 3. HP: 28/31 MP: 3/3
   517 | D:1      | Found a faded altar of an unknown god.
   717 | D:2      | Reached skill level 5 in Axes
   933 | D:2      | Reached XP level 4. HP: 29/38 MP: 4/4
  1490 | D:3      | Reached skill level 6 in Axes
  1513 | D:3      | Reached XP level 5. HP: 34/45 MP: 5/5
  1804 | D:3      | Noticed Grinder
  1822 | D:3      | HP: 2/45 [Grinder (7)]
  1822 | D:3      | Slain by Grinder

Illustrated notes

Levels and vault maps discovered:
D:1:      sevenhm_arrival_forest_fort_small_5, layout_rooms,
          hellmonk_ecumenical_altar_zigzags
D:2:      layout_loops_ring
D:3:      kennysheep_big_flooded_room, layout_loops_ring, uniq_robin,
          uniq_grinder

Skill      XL: |  1  2  3  4 |
---------------+-------------+-----
Axes           | 3 4 5 6 |  6.8
Fighting       | |  3.2
Armour         | |  3.2
Shields        | |  3.2

Action                     |  1- 3 |  4- 6 || total
---------------------------+-------+-------++-------
  Melee: War axe           |   116 |    66 ||   182
    Use: Potion            |       |     1 ||     1
 Armour: Scale mail        |    98 |    11 ||   109
         Chain mail        |       |    30 ||    30
  Dodge: Dodged            |    62 |    22 ||    84
  Block: Buckler           |    24 |     7 ||    31

Table legend: (Time is in decaauts)
 A = Elapsed time spent in this place.
 B = Non-inter-level travel time spent in this place.
 C = Inter-level travel time spent in this place.
 D = Time resting spent in this place.
 E = Time spent auto-exploring this place.
 F = Levels seen in this place.
 G = Mean time per level.
                   A        B        C        D        E       F      G
               +--------+--------+--------+--------+--------+-----+--------+
         Total |   1877 |   1847 |     30 |      0 |   1387 |   3 |  625.7 |
       Dungeon |   1877 |   1847 |     30 |      0 |   1387 |   3 |  625.7 |
               +--------+--------+--------+--------+--------+-----+--------+

Top non-repeatable levels by time:
     D:1: 735 daAuts
     D:2: 714 daAuts
     D:3: 427 daAuts
